 Dungeon Crawl Stone Soup version 0.31.0-1-g2c135a008e (webtiles) character file.

Game seed: 13246105459638495354

991 qw the Shooter (level 8, -1/59 HPs)
             Began as a Djinni Hunter on Jan 23, 2024.
             Slain by an orc
             ... wielding a +0 club
              (4 damage)
             ... on level 5 of the Dungeon.
             The game lasted 00:00:12 (3661 turns).

qw the Shooter (Djinni Hunter)                      Turns: 3661, Time: 00:00:13

Health: -1/59      AC:  5    Str: 10    XL:     8   Next: 41%
Gold:   87         EV: 11    Int: 12    God:
                   SH:  5    Dex: 18

rFire   + + .        f - +3 longbow (heavy)
rCold   x . .        (shield currently unavailable)
rNeg    . . .        d - +0 ring mail
rPois   inf          (helmet restricted)
rElec   .            b - +0 cloak
rCorr   .            c - +0 pair of gloves
SInv    .            (boots unavailable)
Will    .....        e - amulet of reflection
Stlth   +            (no ring)
HPRegen 0.29/turn    (no ring)
MPRegen 0.00/turn

%: reflection, infuse magic (-2 HP)
@: flying
A: sickness immunity, fire resistance 2, cold vulnerability 1, float, innate
caster, HP casting, extra vitality 1, horns 1, deformed body, screaming 1,
MP-powered wands
a: no special abilities


You were on level 5 of the Dungeon.
You visited 1 branch of the dungeon, and saw 5 of its levels.

You collected 127 gold pieces.
You spent 40 gold pieces at shops.


Innate Abilities, Weirdness & Mutations

You are immune to sickness and miasma.
You are immune to poison.
Your flesh is very heat resistant. (rF++)
You are vulnerable to cold. (rC-)
You float through the air rather than walking.
You learn spells naturally, not from books.
Your magical power is your life essence.
You have superior vitality. (+4 MHP)
You have a pair of small horns on your head.
Armour fits poorly on your strangely shaped body.
You occasionally shout uncontrollably at your foes.
You expend health (3 HP) to strengthen your wands.


   Skills:
 - Level 5.0 Fighting
 - Level 7.0 Ranged Weapons
 - Level 2.0 Armour
 + Level 3.0 Dodging
 - Level 0.7 Stealth


You knew the following spells:

 Your Spells              Type           Power      Damage    Failure   Level
a - Magic Dart            Conj           0%         1d3       63%         1
b - Searing Ray           Conj           0%         2d4       77%         2
c - Call Imp              Summ           0%         N/A       77%         2
Your spell library was empty.

Inventory:

Hand Weapons
 f - a +3 heavy longbow (weapon)
Armour
 b - a +0 cloak (worn)
 c - a +0 pair of gloves (worn)
 d - a +0 ring mail (worn)
Jewellery
 e - an amulet of reflection (around neck)
Scrolls
 a - a scroll of identify
 h - a scroll of teleportation {unknown}
Potions
 g - a potion of might
 i - 2 potions of haste
 k - 3 potions of curing

Dungeon Overview and Level Annotations

Branches:
Dungeon (5/15)
 Temple: D:4-7

Altars:
Cheibriados
Fedhas
Qazlal
Wu Jian
Zin
The Shining One

Shops:
D:1 ?

Annotations:
D:3 2 runed translucent doors, qw's ghost, amateur GrHu


Message History

You kill the ogre!
There is an open door here.
An orc comes into view. It is wielding a +0 club.
An orc comes into view. It is wielding a +0 dagger.
You shoot an arrow. The orc shouts!
The arrow hits the orc.
The orc is moderately wounded.
You hear a shout!
An orc priest comes into view. It is wielding a +0 flail.
You shoot an arrow. The orc priest shouts!
The arrow hits the orc!!
You kill the orc!
An ogre comes into view. It is wielding a +0 giant club.
An orc comes into view. It is wielding a +0 club. x2
You shoot an arrow. The arrow hits the orc.
The orc is lightly wounded.
You shoot an arrow. The arrow hits the orc!!
You kill the orc!
You shoot an arrow.
The arrow hits the orc priest but does no damage.
The orc priest closely misses you. The ogre hits you with a +0 giant club!
You shoot an arrow. The arrow hits the orc priest!
You kill the orc priest!
The ogre hits you with a +0 giant club!!
A white imp comes into view.
The ogre barely misses you. The orc hits you with a +0 club.
Your Fighting skill increases to level 5!
You shoot an arrow. The arrow completely misses the ogre.
The white imp shouts, "Scamper home, thou horrid crook-pated codpiece!"
The ogre hits you with a +0 giant club! The white imp gestures at you.
The puff of frost hits you!
You feel a terrible chill! The orc barely misses you.
You shoot an arrow. The arrow hits the ogre!!
You kill the ogre!
The orc closely misses you. The orc hits you but does no damage.
The orc closely misses you. The orc hits you with a +0 club.
You die...

#........ .. ......
#........ ... #.....
#........ ...#+###....
#....##.. ...$......)#
#######.. ...........#
#........ ..5).......#
#........ ......)o...#
#.>......
......o@...#######..##..
.#######'####.########..
' #..........#...#...
#..........#...#...
#..##.####.##..##..
######..####.##..##..
................[....
####............%....
#.................


You could see a white imp and 2 orcs.

Vanquished Creatures
  Grinder (D:3)
  A black bear (D:4)
  3 ogres
  A bullfrog (D:5)
  2 scorpions (D:4)
  3 bombardier beetles
  2 orc priests (D:5)
  An iguana (D:4)
  2 orc wizards (D:5)
  3 adders
  6 dart slugs
  4 ribbon worms
  9 orcs
  9 ball pythons
  8 endoplasms
  2 giant cockroaches
  5 hobgoblins
  6 quokkas
  2 bats (D:2)
  5 frilled lizards
  8 goblins
  8 kobolds
  6 rats
97 creatures vanquished.

Notes
Turn   | Place    | Note
-------+----------+-------------------------------------------
     0 | D:1      | qw the Djinni Hunter began the quest for the Orb.
     0 | D:1      | Reached XP level 1. HP: 18/18 MP: 0/0
     0 | D:1      | 0 ||| qw: Version: 0.3-a-136-gdd3b4e8
     0 | D:1      | 0 ||| qw: Game counter: 1049
     0 | D:1      | 0 ||| qw: Melee chars always use a shield: true
     0 | D:1      | 0 ||| qw: God list: Okawaru
     0 | D:1      | 0 ||| qw: Allow faded altars: false
     0 | D:1      | 0 ||| qw: Do Orc after clearing Dungeon:15 true
     0 | D:1      | 0 ||| qw: Do second Lair branch before Depths: true
     0 | D:1      | 0 ||| qw: Lair rune preference: random
     0 | D:1      | 0 ||| qw: Goals: Normal
     0 | D:1      | 0 ||| PLANNING D:1-11
   126 | D:1      | Reached XP level 2. HP: 23/23 MP: 0/0
   260 | D:1      | Reached XP level 3. HP: 28/28 MP: 0/0
   260 | D:1      | Learned a level 1 spell: Magic Dart
   265 | D:1      | Reached skill level 4 in Ranged Weapons
   698 | D:1      | Found Dukh's Magic Scroll Emporium.
   707 | D:1      | 707 ||| BUYING scroll of identify (20 gold).
   707 | D:1      | Bought a scroll of identify for 20 gold pieces
   707 | D:1      | 707 ||| BUYING scroll of identify (20 gold).
   707 | D:1      | Bought a scroll of identify for 20 gold pieces
   707 | D:1      | 707 ||| SHOPLISTING scroll of teleportation (30 gold, have
                  | 10).
   711 | D:1      | 711 ||| UPGRADING to +0 ring mail.
   721 | D:1      | 721 ||| DROPPING +0 leather armour.
   722 | D:1      | 722 ||| DROPPING +6 ring of intelligence.
   723 | D:1      | 723 ||| READING 3 scrolls of identify.
   723 | D:1      | 723 ||| IDENTIFYING viscous white potion
   724 | D:1      | 724 ||| READING 2 scrolls of identify.
   724 | D:1      | 724 ||| IDENTIFYING viscous coppery potion
   725 | D:1      | 725 ||| READING scroll of identify.
   725 | D:1      | 725 ||| IDENTIFYING inky potion
   726 | D:1      | 726 ||| READING scroll labelled RATRUA AXZAB.
   727 | D:1      | 727 ||| READING scroll labelled TESAEL HIOQAIL.
   728 | D:1      | 728 ||| DROPPING scroll of butterflies.
   729 | D:1      | 729 ||| DROPPING potion of lignification.
   730 | D:1      | 730 ||| DROPPING potion of attraction.
   850 | D:2      | HP: 6/29 [ribbon worm (6)]
   852 | D:2      | Reached skill level 1 in Armour
  1254 | D:2      | Reached XP level 4. HP: 10/34 MP: 0/0
  1629 | D:2      | 1629 ||| UPGRADING to +0 cloak.
  1634 | D:2      | 1634 ||| UPGRADING to +0 pair of gloves.
  1639 | D:2      | 1639 ||| READING scroll of identify.
  1639 | D:2      | 1639 ||| IDENTIFYING grey potion
  1640 | D:2      | 1640 ||| READING scroll labelled LIUSTU LUSMURI.
  1641 | D:2      | 1641 ||| READING scroll labelled ULYPLU ZACSASCH.
  1642 | D:2      | 1642 ||| READING scroll labelled FIUCSOPEDE.
  1643 | D:2      | 1643 ||| DRINKING 2 glowing clear potions.
  1644 | D:2      | 1644 ||| DROPPING potion of invisibility.
  1724 | D:3      | Reached skill level 3 in Fighting
  1876 | D:3      | Found a large runed translucent door.
  1877 | D:3      | Found a large runed translucent door.
  1880 | D:3      | Noticed qw's ghost (amateur GrHu)
  1946 | D:3      | Found a glowing silver altar of Zin.
  1954 | D:3      | Found a blossoming altar of Fedhas.
  1957 | D:3      | Found a stormy altar of Qazlal.
  1964 | D:3      | Found an ornate altar of the Wu Jian Council.
  2197 | D:3      | Found a snail-covered altar of Cheibriados.
  2204 | D:3      | Reached XP level 5. HP: 38/40 MP: 0/0
  2204 | D:3      | Learned a level 2 spell: Searing Ray
  2299 | D:3      | Noticed Grinder
  2300 | D:3      | 2300 ||| ZAPPING wand of flame (9) at -3,1 (Grinder;
                  | floor).
  2301 | D:3      | 2301 ||| ZAPPING wand of flame (8) at -2,1 (Grinder;
                  | floor).
  2302 | D:3      | 2302 ||| ZAPPING wand of flame (7) at -1,0 (Grinder;
                  | floor).
  2303 | D:3      | 2303 ||| ZAPPING wand of flame (6) at -6,1 (Grinder;
                  | floor).
  2304 | D:3      | 2304 ||| ZAPPING wand of flame (5) at -6,1 (Grinder;
                  | floor).
  2305 | D:3      | 2305 ||| ZAPPING wand of flame (4) at -5,1 (Grinder;
                  | floor).
  2306 | D:3      | 2306 ||| ZAPPING wand of flame (3) at -4,1 (Grinder;
                  | floor).
  2307 | D:3      | 2307 ||| ZAPPING wand of flame (2) at -3,1 (Grinder;
                  | floor).
  2308 | D:3      | 2308 ||| ZAPPING wand of flame (1) at -2,1 (Grinder;
                  | floor).
  2311 | D:3      | Killed Grinder
  2312 | D:3      | Reached skill level 5 in Ranged Weapons
  2312 | D:3      | Reached XP level 6. HP: 46/46 MP: 0/0
  2337 | D:3      | Found a glowing golden altar of the Shining One.
  2496 | D:3      | 2496 ||| UPGRADING to amulet of reflection.
  2501 | D:3      | 2501 ||| READING 2 scrolls of identify.
  2501 | D:3      | 2501 ||| IDENTIFYING sedimented purple potion
  2502 | D:3      | 2502 ||| READING scroll of identify.
  2502 | D:3      | 2502 ||| IDENTIFYING yellow potion
  2503 | D:3      | 2503 ||| DRINKING potion of mutation.
  2503 | D:3      | Gained mutation: You have hidden genetic defects. [potion
                  | of mutation]
  2503 | D:3      | Gained mutation: You expend health (3 HP) to strengthen
                  | your wands. [potion of mutation]
  2503 | D:3      | Gained mutation: You have a pair of small horns on your
                  | head. [potion of mutation]
  2504 | D:3      | 2504 ||| READING scroll labelled BIOSTR TYD IGAY.
  2504 | D:3      | Identified a scroll of acquirement
  2504 | D:3      | 2504 ||| ACQUIRING +3 heavy longbow
  2504 | D:3      | Acquired a +3 heavy longbow
  2506 | D:3      | 2506 ||| SWAPPING to +3 heavy longbow.
  2507 | D:3      | 2507 ||| DROPPING +0 shortbow.
  2508 | D:3      | 2508 ||| READING scroll labelled JOFEKH AZIYBYZ.
  2557 | D:4      | Reached skill level 3 in Dodging
  2571 | D:4      | Noticed an ogre
  2574 | D:4      | Killed an ogre
  2575 | D:4      | Reached XP level 7. HP: 51/51 MP: 0/0
  2575 | D:4      | Learned a level 2 spell: Call Imp
  2588 | D:4      | Gained mutation: You occasionally shout uncontrollably at
                  | your foes. [hidden defects]
  2739 | D:4      | Reached skill level 6 in Ranged Weapons
  2753 | D:4      | Gained mutation: Armour fits poorly on your strangely
                  | shaped body. [hidden defects]
  2753 | D:4      | Lost mutation: You have hidden genetic defects. [hidden
                  | defects expressed]
  2947 | D:4      | Reached XP level 8. HP: 58/58 MP: 0/0
  3170 | D:4      | 3170 ||| READING scroll labelled VOISEL PONU.
  3265 | D:4      | 3265 ||| READING scroll labelled WUOPOROYNI.
  3392 | D:5      | Entered Level 5 of the Dungeon
  3479 | D:5      | 3479 ||| DRINKING 3 potions of curing.
  3479 | D:5      | 3479 ||| (to cure confusion)
  3480 | D:5      | Reached skill level 7 in Ranged Weapons
  3660 | D:5      | HP: 9/59 [ogre/+0 giant club (16)]
  3660 | D:5      | HP: 2/59 [white imp/puff of frost (7)]
  3661 | D:5      | Slain by an orc

Levels and vault maps discovered:
D:1:      lightli_arrival_windingriver, layout_basic, serial_shops, shop
D:2:      layout_basic
D:3:      layout_basic, nicolae_tso_carved_into_rock, slow_altar_2,
          nicolae_overflow_hallway_of_the_gods, ebering_ghost_disaster_area,
          uniq_grinder
D:4:      layout_basic, minmay_misc_feat_doors
D:5:      layout_gridville, jmf_multi_god_temple2

Skill      XL: |  1  2  3  4  5  6  7  8 |
---------------+-------------------------+-----
Ranged Weapons | 4 5 6 7 |  7.0
Armour         | 1 2 |  2.0
Fighting       | 3 4 5 |  5.0
Dodging        | 3 |  3.0
Stealth        | |  0.7

Action                     |  1- 3 |  4- 6 |  7- 9 || total
---------------------------+-------+-------+-------++-------
   Fire: Shortbow          |   115 |    66 |       ||   181
         Longbow           |       |     6 |    77 ||    83
  Evoke: Wand              |       |     9 |       ||     9
    Use: Scroll            |     5 |     8 |     2 ||    15
         Potion            |       |     2 |     1 ||     3
 Armour: Leather armour    |     6 |       |       ||     6
         Ring mail         |    33 |    18 |    44 ||    95
  Dodge: Dodged            |    29 |    17 |    43 ||    89
  Block: Other             |       |     1 |    12 ||    13
         Reflection        |       |       |     1 ||     1

Table legend:
 A = Non-vault XP
 B = Vault XP
 C = Vault XP percentage of total XP
 D = Non-vault monster count
 E = Vault monster count
 F = Vault count percentage of total count
                 A         B        C        D         E       F
            +---------+---------+-------+---------+---------+-------
      Total |    1220 |     309 |  20.2 |      95 |       2 |   2.1
            +---------+---------+-------+---------+---------+-------
        D:1 |      43 |       0 |   0.0 |      26 |       0 |   0.0
        D:2 |      34 |       0 |   0.0 |      18 |       0 |   0.0
        D:3 |      30 |     309 |  91.2 |      11 |       2 |  15.4
        D:4 |     603 |       0 |   0.0 |      24 |       0 |   0.0
        D:5 |     510 |       0 |   0.0 |      16 |       0 |   0.0
            +---------+---------+-------+---------+---------+-------
